 Dungeon Crawl Stone Soup version 0.23.2-1-ga50397a (webtiles) character file.

Game seed: 6525643998778487418

106 schauveau the Covered (level 4, -1/29 HPs)
             Began as a Gargoyle Fighter on Apr 27, 2019.
             Was an Initiate of Okawaru.
             Killed from afar by an orc wizard (3 damage)
             ... with a puff of frost
             ... on level 4 of the Dungeon.
             The game lasted 00:02:19 (622 turns).

schauveau the Covered (Gargoyle Fighter)             Turns: 622, Time: 00:02:20

Health: -1/29      AC: 10    Str: 26    XL:     4   Next: 84%
Magic:  4/4        EV: 10    Int:  8    God:    Okawaru [......]
Gold:   28         SH:  0    Dex:  9    Spells: 3/3 levels left

rFire    . . .     SeeInvis .   a - +0 flail
rCold    . . .     Gourm    .   (no shield)
rNeg     + . .     Faith    .   b - +0 scale mail
rPois    ∞         Spirit   .   (no helmet)
rElec    +         Reflect  .   (no cloak)
rCorr    .         Harm     .   (no gloves)
MR       .....                  (no boots)
Stlth    ..........             (no amulet)
HPRegen  0.09/turn              (no ring)
MPRegen  0.09/turn              (no ring)

@: mighty
A: negative energy resistance 1, electricity resistance, unbreathing,
petrification resistance, rot immunity, AC +3
a: Renounce Religion


You were on level 4 of the Dungeon.
You worshipped Okawaru.
Okawaru was noncommittal.
You were not hungry.

You visited 1 branch of the dungeon, and saw 4 of its levels.

You collected 28 gold pieces.

Inventory:

Hand Weapons
 a - a +0 flail (weapon)
 c - a +0 hunting sling
Armour
 b - a +0 scale mail (worn)
Jewellery
 j - an uncursed ring of magical power
Wands
 h - a wand of random effects (12)
Scrolls
 g - a scroll of immolation {unknown}
 i - a scroll of magic mapping {unknown}
Potions
 e - a potion of flight {unknown}
Comestibles
 f - 2 rations


   Skills:
 + Level 4.1 Fighting
 * Level 3.7 Maces & Flails
 + Level 4.1 Armour
   Level 3.2 Shields


You had 3 spell levels left.
You didn't know any spells.
Your spell library was empty.

Dungeon Overview and Level Annotations

Branches:
Dungeon (3/15)

Altars:
Okawaru
Uskayaw
Zin


Innate Abilities, Weirdness & Mutations

You are resistant to torment.
Your stone body is resilient. (AC +3)
You are immune to poison.
You resist negative energy. (rN+)
You are resistant to electric shocks. (rElec)
You can survive without breathing.
You are immune to petrification.
You are immune to rotting.


Message History

The orc wizard is severely wounded.
The orc wizard hits you but does no damage.
Something hits you but does no damage. x2
The orc wizard hits you but does no damage.
You sock the orc wizard!
You kill the orc wizard!
Okawaru accepts your kill.
Your Fighting skill increases to level 4!
Your Armour skill increases to level 4!
Something hits you but does no damage. x2
You closely miss something. Something hits you but does no damage.
You hear some strange, mumbled words.
A magic dart appears from out of thin air!
The magic dart hits you.
* * * LOW HITPOINT WARNING * * *
You miss something.
You hear some strange, mumbled words.
A puff of frost appears from out of thin air!
The puff of frost hits you.
You die...

##########
######...##...##
#..............##
#...............#
#...............# .
#...)...........#
...###..................
.....!.........##...#.###
...###..@.....####.##.#
#.)){....# #... #
#.....#### ...# ###.#..#
#..#..# #.. .... #.#
.##.. #.# #.


There were no monsters in sight!

Vanquished Creatures
  An orc priest (D:4)
  An orc wizard (D:4)
  2 adders (D:2)
  2 worms
  2 orcs
  A giant cockroach (D:2)
  A goblin (D:2)
  3 hobgoblins (D:1)
  3 jackals (D:2)
  A bat (D:2)
  A frilled lizard (D:2)
  3 kobolds
  4 rats
25 creatures vanquished.

Notes
Turn   | Place    | Note
-------+----------+-------------------------------------------
     0 | D:1      | schauveau the Gargoyle Fighter began the quest for the Orb.
     0 | D:1      | Reached XP level 1. HP: 14/14 MP: 1/1
    28 | D:2      | Found a hide-covered altar of Uskayaw.
   149 | D:1      | Reached XP level 2. HP: 19/19 MP: 2/2
   177 | D:2      | Reached XP level 3. HP: 18/23 MP: 3/3
   369 | D:2      | Found a glowing silver altar of Zin.
   403 | D:3      | Found an iron altar of Okawaru.
   416 | D:3      | Became a worshipper of Warmaster Okawaru
   573 | D:2      | You fall through a shaft for 2 floors!
   616 | D:4      | Reached XP level 4. HP: 14/29 MP: 4/4
   622 | D:4      | Killed from afar by an orc wizard

Skill      XL: |  1  2  3  4 |
---------------+-------------+-----
Maces & Flails | 3 |  3.7
Fighting       | 4 |  4.1
Armour         | 4 |  4.1
Shields        | |  3.2

Action                   |  1- 3 |  4- 6 || total
-------------------------+-------+-------++-------
Melee: Flail             |   104 |     6 ||   110
  Use: Potion            |     1 |       ||     1
Armor: Scale mail        |    89 |    13 ||   102
Dodge: Dodged            |    83 |     3 ||    86
